 Dungeon Crawl Stone Soup version 0.28-a0-909-g796cbd3a86 (webtiles) character file.

Game seed: 1429173418923533851

26492 ytrimaz the Nimble (level 12, -20/95 HPs)
             Began as a Demonspawn Fighter on Nov 24, 2021.
             Was an Elder of Sif Muna.
             Demolished by a very large slime creature (61 damage)
             ... on level 13 of the Dungeon.
             The game lasted 00:27:17 (12279 turns).

ytrimaz the Nimble (Demonspawn Fighter)            Turns: 12279, Time: 00:27:18

Health: -20/95     AC: 10    Str: 12    XL:     12   Next: 98%
Magic:  34/34      EV: 18    Int: 27    God:    Sif Muna [****..]
Gold:   886        SH:  6    Dex: 20    Spells: 26/30 levels left

rFire   + . .      SeeInvis .   e - +4 broad axe "Qyrphommics" {venom, rC+++ Will+ MP+9 Dex+4}
rCold   + + +      Faith    .   c - +0 buckler
rNeg    + . .      Spirit   .   u - +0 troll leather armour
rPois   +          Reflect  .   n - +2 hat
rElec   .          Harm     .   (no cloak)
rCorr   .          Rampage  .   J - +0 pair of gloves
Will    ++...                   w - +2 pair of boots
Stlth   ++........              G - amulet of magic regeneration
HPRegen 1.25/turn               s - ring of Duri {+Blink rC+ rN+ Will+ Dex-2}
MPRegen 0.49/turn               f - ring "Ompom" {Fire rPois Str-5 Int+8 Dex+4}

@: no status effects
A: antennae 2, demonic guardian 2, foul stench 1, big brain 2, talons 1, thin
skeletal structure 1
a: Renounce Religion, Evoke Blink, Channel Magic, Forget Spell, Divine Exegesis


You were on level 13 of the Dungeon.
You worshipped Sif Muna.
Sif Muna was greatly pleased with you.
You visited 2 branches of the dungeon, and saw 14 of its levels.
You also visited: Sewer.

You collected 886 gold pieces.

Inventory:

Hand Weapons
 e - the +4 broad axe "Qyrphommics" (weapon) {venom, rC+++ Will+ MP+9 Dex+4}
   (You acquired it on level 2 of the Dungeon)

   It poisons the flesh of those it strikes.
   Dex:       It affects your dexterity (+4).
   rC:        It renders you almost immune to cold.
   MP:        It affects your magic capacity (+9).
   Will:      It increases your willpower.
Missiles
 g - 61 poisoned darts
 A - 3 silver boomerangs
 H - 2 throwing nets
Armour
 c - a +0 buckler (worn)
 n - a +2 hat (worn)
 u - a +0 troll leather armour (worn)
 w - a +2 pair of boots (worn)
 I - the +1 ring mail of the Big Bang {rF- rC+ MP+9 Int+7}
   (You found it on level 9 of the Dungeon)

   Int:       It affects your intelligence (+7).
   rF:        It makes you vulnerable to fire.
   rC:        It protects you from cold.
   MP:        It affects your magic capacity (+9).
 J - a +0 pair of gloves (worn)
Magical Staves
 P - a staff of conjuration
Jewellery
 f - the ring "Ompom" (right hand) {Fire rPois Str-5 Int+8 Dex+4}
   (You found it on level 10 of the Dungeon)

   [ring of fire]

   It enhances your fire magic.
   Str:       It affects your strength (-5).
   Int:       It affects your intelligence (+8).
   Dex:       It affects your dexterity (+4).
   rF:        It protects you from fire.
   rC:        It makes you vulnerable to cold.
   rPois:     It protects you from poison.
 r - a ring of poison resistance
 s - the ring of Duri (left hand) {+Blink rC+ rN+ Will+ Dex-2}
   (You acquired it on level 5 of the Dungeon)

   [ring of willpower]

   Dex:       It affects your dexterity (-2).
   rC:        It protects you from cold.
   rN:        It protects you from negative energy.
   +Blink:    It lets you blink.
   Will:      It increases your willpower.
 C - a +4 ring of slaying
 G - an amulet of magic regeneration (around neck)
 M - a ring of ice
Wands
 b - a wand of mindburst (24)
 p - a wand of polymorph (8)
 v - a wand of iceblast (15)
 y - a wand of flame (31)
 O - a wand of digging (2)
Scrolls
 h - 4 scrolls of magic mapping
 i - 6 scrolls of teleportation
 j - a scroll of identify
 k - 3 scrolls of noise
 l - 2 scrolls of fog
 q - 3 scrolls of holy word
 D - a scroll of vulnerability
 F - 2 scrolls of amnesia
 K - a scroll of blinking
 L - 3 scrolls of silence
 N - a scroll of brand weapon
 Q - a scroll of torment {unknown}
Potions
 a - 7 potions of curing
 d - a potion of might
 m - 12 potions of ambrosia
 o - a potion of magic {unknown}
 t - 3 potions of resistance
 x - 3 potions of flight {unknown}
 z - a potion of mutation
 B - 2 potions of attraction
 E - 2 potions of haste


   Skills:
 - Level 9.0 Fighting
 - Level 9.0 Axes
 - Level 2.8 Armour
 * Level 10.0 Dodging
 - Level 4.0 Shields
 * Level 9.6 Spellcasting
 * Level 7.9 Conjurations
 * Level 7.6 Invocations


You had 26 spell levels left.
You knew the following spells:

 Your Spells              Type           Power      Damage    Failure   Level
a - Magic Dart            Conj           100%       1d8       1%          1
b - Stone Arrow           Conj/Erth      68%        3d11      3%          3

Your spell library contained the following spells:

 Spells                   Type           Power      Damage    Failure   Level
 Searing Ray              Conj           100%       2d8       1%          2
 Static Discharge         Conj/Air       34%        N/A       1%          2
 Passwall                 Tmut/Erth      10%        N/A       9%          2
 Fulminant Prism          Conj/Hex       17%        3d11      11%         4
 Sticky Flame             Conj/Fire      51%        2d7       11%         4
 Frozen Ramparts          Ice            24%        1d4       17%         3
 Gell's Gravitas          Tloc           12%        N/A       17%         3
 Summon Guardian Golem    Hex/Summ       12%        N/A       17%         3
 Teleport Other           Tloc           12%        N/A       17%         3
 Tukima's Dance           Hex            12%        N/A       17%         3
 Animate Armour           Summ/Erth      24%        N/A       50%         4
 Cause Fear               Hex            6%         N/A       50%         4
 Dispel Undead            Necr           12%        3d9       50%         4
 Ice Form                 Ice/Tmut       12%        N/A       50%         4
 Passage of Golubria      Tloc           12%        N/A       50%         4
 Summon Ice Beast         Ice/Summ       12%        N/A       50%         4
 Alistair's Intoxication  Tmut/Pois      8%         N/A       85%         5
 Borgnjor's Vile Clutch   Necr/Erth      6%         N/A       85%         5
 Metabolic Englaciation   Hex/Ice        6%         N/A       85%         5
 Silence                  Hex/Air        6%         N/A       85%         5
 Yara's Violent Unravell  Hex/Tmut       6%         3d5       85%         5
 Iron Shot                Conj/Erth      17%        9d4       86%         6
 Orb of Destruction       Conj           27%        9d11      88%         7
 Dispersal                Tloc           6%         N/A       100%        6
 Eringya's Noxious Bog    Tmut/Pois      6%         N/A       100%        6
 Spellforged Servitor     Conj/Summ      17%        N/A       100%        7
 Lehudib's Crystal Spear  Conj/Erth      17%        10d5      100%        8


Dungeon Overview and Level Annotations

Branches:
Dungeon (13/15)            Temple (1/1) D:4            Lair (0/6) D:9
    Orc (0/2) D:9           Sewer (visited)
 Vaults: D:13-14

Altars:
Ashenzari
Cheibriados
Dithmenos
Elyvilon
Fedhas
Gozag
Hepliaklqana
Kikubaaqudgha
Makhleb
Nemelex Xobeh
Okawaru
Qazlal
Ru
Sif Muna
Trog
Uskayaw
Vehumet
Wu Jian
Xom
Yredelemnul
Zin
The Shining One
Beogh

Shops:
D:7 [[

Annotations:
D:3 3 runed translucent doors, croobank's ghost, amateur OpTm
D:6 1 runed translucent door, McGhostyFace's ghost, amateur GnDe
D:8 4 transporters, AlleluiaPinecone's ghost, novice HuBe
D:9 exclusion: obsidian statue


Innate Abilities, Weirdness & Mutations

You have a pair of antennae on your head.
A demonic guardian rushes to your aid.
You may rarely emit foul miasma when damaged in melee.
You have an extremely huge brain. (Int +4)
You have sharp toenails.
You have a somewhat thin skeletal structure. (Dex +2, Stealth+)


Message History

You slash the slime creature! You hit the slime creature.
You block the slime creature's attack.
The slime creature hits you but does no damage.
The slime creature completely misses you.
You slash the slime creature!
The slime creature is heavily wounded.
You hit the slime creature.
The slime creature looks as sick as possible!
You slash the slime creature!
You block the slime creature's attack. x2
Two slime creatures merge to form a large slime creature.
The slime creature hits you but does no damage.
You slash the large slime creature!
The large slime creature is moderately wounded.
You slash the slime creature! x2
The slime creature looks as sick as possible!
The slime creature hits you but does no damage.
You block the slime creature's attack. x2
Unknown command.
You slash the large slime creature!
The large slime creature is heavily wounded.
You barely miss the slime creature. You slash the slime creature!
The slime creature looks as sick as possible!
You block the slime creature's attack. The large slime creature hits you!!
The slime creature hits you! The slime creature misses you.
Unknown command.
Unknown command.
The large slime creature hits you!!
* * * LOW HITPOINT WARNING * * *
Two slime creatures merge to form a very large slime creature.
There is a stone staircase leading up, spattered with blood here.
A troll comes into view.
Unknown command.
You kill the slime creature!
Sif Muna accepts your kill.
A gargoyle comes into view. It is wielding a +0 mace.
You slice the very large slime creature!!
The very large slime creature is severely wounded.
The very large slime creature hits you!!!
Ouch! That really hurt!
You die...

.##..##.. ......#..
.....'. ....# # #..#
###.####+########..####
#......................
#.....@J...9...........
#......................
#...##############....##
### ##.<.<## #.......
#....... #.....##
+.....# ##....#


You could see a very large slime creature (poisoned) and a gargoyle.

Vanquished Creatures
  Fannar (D:10)
  3 hydras
  The ghost of McGhostyFace the Thaumaturge, a journeyman GnWz of Ashenzari (D:10)
  A centaur warrior (D:12)
  5 two-headed ogres
  A death knight (D:11)
  3 death yaks (D:9)
  Pikel (D:7)
  3 deep elf pyromancers
  3 ugly things
  A cyclops (D:12)
  2 manticores
  A gargoyle (D:10)
  An unseen horror (D:12)
  4 freezing wraiths
  A queen bee (D:10)
  6 trolls
  A slime creature (D:13)
  A meliai zombie (D:10)
  18 yaks
  3 shadows
  3 wraiths
  Sigmund (D:5)
  A vampire mosquito (D:7)
  2 acid dragons
  Duvessa (D:5)
  An orc warrior (D:8)
  2 sky beasts (D:5)
  A black bear (D:4)
  An ice beast (D:4)
  2 necrophages (D:6)
  8 centaurs
  A lemure (D:7)
  2 phantoms
  2 kobold brigands
  4 bullfrogs
  A scorpion (D:5)
  A wyvern skeleton (D:5)
  Dowan (D:5)
  31 killer bees
  3 vampire bats (D:11)
  3 centaur zombies
  2 bullfrog zombies (D:6)
  4 jellies
  An orc priest (D:8)
  A hound (D:4)
  A gnoll shaman (D:6)
  4 iguanas
  6 orc wizards
  A killer bee zombie (D:8)
  6 ogre zombies (D:9)
  2 hound skeletons (D:4)
  2 howler monkey zombies
  12 gnolls
  7 adders
  A river rat (D:3)
  A shadow imp (D:6)
  A white imp (D:5)
  2 ufetubi (D:7)
  4 worms
  2 dart slugs
  24 orcs
  7 ball pythons
  6 bats
  2 bat skeletons (D:11)
  4 bat zombies (D:11)
  8 endoplasms
  8 giant cockroaches
  10 goblins
  3 hobgoblins
  2 jackals (D:4)
  11 kobolds
  8 quokkas
  10 frilled lizards
  2 goblin zombies (D:9)
  4 hobgoblin zombies (D:9)
  2 orc skeletons (D:9)
  11 orc zombies (D:9)
  A quokka skeleton (D:2)
  7 rats
323 creatures vanquished.

Vanquished Creatures (collateral kills)
  A manticore (D:7)
  A freezing wraith (D:11)
  2 yaks (D:8)
  2 wraiths (D:11)
  A black bear (D:7)
  A centaur (D:8)
  A killer bee (D:10)
  A gnoll shaman (D:8)
  An orc wizard (D:10)
  A hound skeleton (D:4)
  4 orcs (D:10)
16 creatures vanquished.

Grand Total: 339 creatures vanquished

Notes
Turn   | Place    | Note
-------+----------+-------------------------------------------
     0 | D:1      | ytrimaz the Demonspawn Fighter began the quest for the Orb.
     0 | D:1      | Reached XP level 1. HP: 18/18 MP: 1/1
   430 | D:1      | Gained mutation: You have an unusually large brain. (Int
                  | +2) [demonic ancestry]
   430 | D:1      | Reached XP level 2. HP: 21/24 MP: 2/2
  1310 | D:2      | Found a faded altar of an unknown god.
  1335 | D:2      | Gained mutation: You may rarely emit foul miasma when
                  | damaged in melee. [demonic ancestry]
  1335 | D:2      | Reached XP level 3. HP: 29/29 MP: 3/3
  1542 | D:2      | Identified a scroll of acquirement
  1543 | D:2      | Acquired the +4 broad axe "Qyrphommics" {venom, rC+++ Will+
                  | MP+9 Dex+4}
  2139 | D:3      | Found a glowing drain.
  2154 | D:3      | Reached skill level 1 in Spellcasting
  2154 | D:3      | Gained mutation: You have a pair of small antennae on your
                  | head. [demonic ancestry]
  2154 | D:3      | Reached XP level 4. HP: 33/35 MP: 5/5
  2166 | Sewer    | Entered a sewer
  2497 | Sewer    | Noticed a bullfrog
  2503 | Sewer    | Killed a bullfrog
  2504 | Sewer    | Reached XP level 5. HP: 27/42 MP: 7/7
  3054 | D:3      | Noticed croobank's ghost (amateur OpTm)
  3054 | D:3      | Identified the +1 leather armour of Fedhas {Dex+3}
  3055 | D:3      | Found a runed translucent gate.
  3055 | D:3      | Found a runed translucent gate.
  3055 | D:3      | Found a runed translucent gate.
  3301 | D:3      | Gained mutation: A weak demonic guardian rushes to your
                  | aid. [demonic ancestry]
  3301 | D:3      | Reached XP level 6. HP: 48/48 MP: 8/8
  3771 | D:4      | Reached skill level 5 in Axes
  4186 | D:4      | Reached XP level 7. HP: 46/54 MP: 10/10
  4352 | D:4      | Found a staircase to the Ecumenical Temple.
  4374 | Temple   | Entered the Ecumenical Temple
  4443 | Temple   | Became a worshipper of Sif Muna the Loreminder
  4736 | D:5      | Entered Level 5 of the Dungeon
  4753 | D:5      | Acquired the ring of Duri {+Blink rC+ rN+ Will+ Dex-2}
  5005 | D:5      | Noticed a troll
  5012 | D:5      | Killed a troll
  5013 | D:5      | Reached XP level 8. HP: 41/61 MP: 13/13
  5163 | D:5      | Noticed Sigmund
  5168 | D:5      | Killed Sigmund
  5169 | D:5      | Reached skill level 5 in Fighting
  5474 | D:5      | Noticed Dowan
  5485 | D:5      | Killed Dowan
  5485 | D:5      | Noticed Duvessa
  5491 | D:5      | Killed Duvessa
  5799 | D:6      | Found a broken altar of Ashenzari.
  5799 | D:6      | Found a sacrificial altar of Ru.
  5819 | D:6      | Reached * piety under Sif Muna
  5840 | D:6      | Noticed a troll
  5848 | D:6      | Killed a troll
  5872 | D:6      | Reached XP level 9. HP: 36/69 MP: 15/15
  6097 | D:6      | Reached skill level 5 in Spellcasting
  6118 | D:6      | Learned a level 1 spell: Magic Dart
  6223 | D:6      | Reached skill level 1 in Conjurations
  6237 | D:6      | Reached skill level 1 in Dodging
  6270 | D:6      | Found a runed translucent door.
  6271 | D:6      | Found a shimmering altar of Xom.
  6271 | D:6      | Noticed McGhostyFace's ghost (amateur GnDe)
  6272 | D:6      | Noticed a +1 falchion of chaos
  6298 | D:6      | Identified the +3 leather armour of Verdant Brilliance {rF-
                  | Will+ Str-2 Dex+9}
  6695 | D:7      | Learned a level 3 spell: Stone Arrow
  6713 | D:7      | Found Mukog's Armour Shoppe.
  6715 | D:7      | Found Jusk's Armour Emporium.
  6798 | D:7      | Noticed a manticore
  6807 | D:7      | Killed a manticore
  6808 | D:7      | Reached skill level 2 in Dodging
  6813 | D:7      | Identified the +4 chain mail "Adu Esi" {rElec rF+ rC+
                  | Slay-2}
  6903 | D:7      | Noticed Pikel
  6910 | D:7      | Killed Pikel
  6911 | D:7      | Gained mutation: A demonic guardian rushes to your aid.
                  | [demonic ancestry]
  6911 | D:7      | Reached XP level 10. HP: 79/79 MP: 18/18
  6921 | D:7      | You fall into a shaft and drop 1 floor!
  7078 | D:7      | Found a burning altar of Makhleb.
  7329 | D:8      | Reached ** piety under Sif Muna
  7372 | D:8      | Reached skill level 3 in Dodging
  7467 | D:8      | Found a shadowy altar of Dithmenos.
  7701 | D:8      | Found a transporter.
  7701 | D:8      | Found a transporter.
  7801 | D:8      | Found a transporter.
  7804 | D:8      | Noticed AlleluiaPinecone's ghost (novice HuBe)
  7805 | D:8      | Noticed a green ugly thing
  7831 | D:8      | Found a transporter.
  7842 | D:8      | Reached skill level 1 in Invocations
  8182 | D:8      | Identified the +1 barding of Card Tricks {rF+ Str+4}
  8243 | D:8      | Gained mutation: You have a somewhat thin skeletal
                  | structure. (Dex +2, Stealth+) [potion of mutation]
  8243 | D:8      | Gained mutation: You have sharp toenails. [potion of
                  | mutation]
  8267 | D:9      | Noticed a two-headed ogre
  8277 | D:9      | Killed a two-headed ogre
  8364 | D:9      | Reached skill level 4 in Dodging
  8398 | D:9      | Found a shimmering altar of Xom.
  8445 | D:9      | Noticed a deep elf pyromancer
  8453 | D:9      | Killed a deep elf pyromancer
  8454 | D:9      | Reached skill level 5 in Conjurations
  8521 | D:9      | Found a staircase to the Orcish Mines.
  8539 | D:9      | Reached *** piety under Sif Muna
  8540 | D:9      | Gained mutation: You have an extremely huge brain. (Int +4)
                  | [demonic ancestry]
  8540 | D:9      | Reached XP level 11. HP: 77/87 MP: 22/22
  8597 | D:9      | Identified the +1 ring mail of the Big Bang {rF- rC+ MP+9
                  | Int+7}
  8640 | D:9      | Noticed a death yak
  8640 | D:9      | Noticed a death yak
  8643 | D:9      | Found a staircase to the Lair.
  8660 | D:9      | Killed a death yak
  8727 | D:9      | Noticed an obsidian statue
  8810 | D:9      | Found a snail-covered altar of Cheibriados.
  8819 | D:9      | Found an iron altar of Okawaru.
  9087 | D:9      | Noticed a death yak
  9102 | D:9      | Killed a death yak
  9103 | D:9      | Reached skill level 5 in Dodging
  9116 | D:9      | Killed a death yak
  9482 | D:9      | Identified the +8 falchion of the Lumpy Seas {venom, rElec
                  | rF+ Str+4 Stlth-}
  9496 | D:10     | Entered Level 10 of the Dungeon
  9677 | D:10     | Reached **** piety under Sif Muna
  9728 | D:10     | Reached skill level 6 in Dodging
  9832 | D:10     | Reached skill level 5 in Invocations
  9862 | D:10     | Noticed Fannar
  9876 | D:10     | Killed Fannar
  9929 | D:10     | Noticed a two-headed ogre
  9934 | D:10     | Killed a two-headed ogre
  9935 | D:10     | Reached skill level 7 in Dodging
  9980 | D:10     | Noticed a two-headed ogre
  9999 | D:10     | Killed a two-headed ogre
 10212 | D:10     | Found a runed translucent gate.
 10212 | D:10     | Found a runed translucent gate.
 10212 | D:10     | Found a runed translucent gate.
 10217 | D:10     | Noticed McGhostyFace's ghost (journeyman GnWz)
 10486 | D:10     | Acquired a staff of conjuration
 10543 | D:10     | Gained mutation: You have a pair of antennae on your head.
                  | [demonic ancestry]
 10543 | D:10     | Reached XP level 12. HP: 68/95 MP: 24/24
 10550 | D:10     | Killed McGhostyFace's ghost
 10551 | D:10     | Reached skill level 8 in Dodging
 10559 | D:10     | Identified the ring "Ompom" {Fire rPois Str-5 Int+8 Dex+4}
 10678 | D:11     | Noticed a death knight
 10701 | D:11     | Noticed a two-headed ogre
 10710 | D:10     | Killed a two-headed ogre
 10726 | D:11     | Reached ***** piety under Sif Muna
 10789 | D:11     | Noticed an eight-headed hydra
 10798 | D:11     | Killed an eight-headed hydra
 10798 | D:11     | Received a gift from Sif Muna
 10822 | D:11     | Got Sif Muna's Almanac of the Dusty Oath {god gift}
 10887 | D:11     | Found an ancient bone altar of Kikubaaqudgha.
 11110 | D:11     | Killed a death knight
 11113 | D:11     | HP: 4/95 [freezing wraith[a death knight] (11)]
 11119 | D:11     | Reached skill level 9 in Dodging
 11381 | D:12     | Noticed a centaur warrior
 11402 | D:12     | Killed a centaur warrior
 11568 | D:12     | Noticed a seven-headed hydra
 11575 | D:12     | Killed a seven-headed hydra
 11667 | D:12     | Noticed a two-headed ogre
 11675 | D:12     | Killed a two-headed ogre
 11727 | D:12     | Noticed a six-headed hydra
 11737 | D:12     | Killed a six-headed hydra
 11839 | D:12     | Reached skill level 10 in Dodging
 12279 | D:13     | Demolished by a very large slime creature

Illustrated notes

Levels and vault maps discovered:
D:1:      amcnicky_arrival_feature_with_door, layout_basic, serial_forest,
          infiniplex_forest_clump_double, infiniplex_forest_lined_room_2,
          infiniplex_forest_clump_small, infiniplex_forest_lined_corner,
          infiniplex_forest_lined_2, infiniplex_forest_clump_tiny,
          infiniplex_forest_lined_3
D:2:      layout_basic, basic_ecumenical_altar
D:3:      layout_loops_ring, portal_sewer_entry_a, serial_co_window_serial,
          co_window_paths_a, co_window_paths_a, co_window_of_opportunity_a,
          co_window_paths_a, co_window_paths_a, co_window_2corner,
          co_window_of_opportunity_b, co_window_of_opportunity_b,
          co_window_unsneaky_path_d, glass_columns_a, glass_columns_b,
          biasface_ghost_orc_armoury
D:4:      layout_loops_ring, minmay_temple_entry_glass
D:5:      layout_loops_ring, uniq_duvessa, uniq_sigmund
D:6:      layout_basic, grunt_temple_overflow_open, ebering_ghost_xom
D:7:      kennysheep_big_flooded_room, layout_gridville, lemuel_round_altar,
          serial_shops, shop_fountains, shop, uniq_pikel
D:8:      gammafunk_wand_slinger, layout_loops_corners,
          mainiacjoe_overflow_catwalk, gammafunk_ghost_arena
D:9:      layout_loops_ring, grunt_temple_overflow_cloverleaf, kennysheep_mini,
          dpeg_lair_monsters, zombieorc1_lemuel, minivault_16,
          skrybe_limestone_x
D:10:     layout_roguey [special_room_bee], gammafunk_ghost_spectres,
          uniq_fannar
D:11:     layout_rooms, kennysheep_vampire_church
D:12:     layout_loops_ring
D:13:     layout_gridville
Temple:   nicolae_temple_god_jail

Skill      XL: |  1  2  3  4  5  6  7  8  9 10 11 12 |
---------------+-------------------------------------+-----
Axes           | 2 3 4 5 6 8 9 |  9.0
Shields        | 3 4 |  4.0
Spellcasting   | 1 2 3 4 5 7 8 9 |  9.6
Fighting       | 4 5 7 8 9 |  9.0
Conjurations   | 3 5 6 7 |  7.9
Dodging        | 2 4 7 10 | 10.0
Invocations    | 3 5 7 |  7.6
Armour         | |  2.8

Action                   |  1- 3 |  4- 6 |  7- 9 | 10-12 || total
-------------------------+-------+-------+-------+-------++-------
Melee: War axe           |    89 |       |       |       ||    89
       Broad axe         |    31 |    92 |   188 |   400 ||   711
 Cast: Magic Dart        |       |       |    20 |    24 ||    44
       Stone Arrow       |       |       |       |    85 ||    85
  Use: Scroll            |     6 |     3 |     6 |    12 ||    27
       Potion            |       |       |       |     5 ||     5
 Stab: Sleeping          |       |       |       |     3 ||     3
       Invisible         |       |       |       |     2 ||     2
Armor: Scale mail        |    56 |    39 |    32 |       ||   127
       Troll leather arm |       |       |    60 |   155 ||   215
Dodge: Dodged            |    72 |    41 |    94 |   370 ||   577
Block: Buckler           |    31 |    26 |    52 |   144 ||   253

Table legend: (Time is in decaauts)
 A = Elapsed time spent in this place.
 B = Non-inter-level travel time spent in this place.
 C = Inter-level travel time spent in this place.
 D = Time resting spent in this place.
 E = Time spent auto-exploring this place.
 F = Levels seen in this place.
 G = Mean time per level.
                   A        B        C        D        E       F      G
               +--------+--------+--------+--------+--------+-----+--------+
         Total |  12583 |  12181 |    402 |    642 |   8550 |  15 |  838.9 |
       Dungeon |  11689 |  11298 |    391 |    642 |   7864 |  13 |  899.2 |
        Temple |     82 |     71 |     11 |      0 |     35 |   1 |   82.0 |
         Sewer |    811 |    811 |      0 |      0 |    651 |   1 |  811.0 |
               +--------+--------+--------+--------+--------+-----+--------+

Top non-repeatable levels by time:
     D:9: 1369 daAuts
     D:4: 1194 daAuts
     D:1: 1138 daAuts
    D:10: 1134 daAuts
     D:5: 1086 daAuts
     D:3: 1018 daAuts
     D:8: 963 daAuts
    D:12: 893 daAuts
   Sewer: 811 daAuts
     D:2: 792 daAuts
     D:6: 710 daAuts
    D:11: 687 daAuts
     D:7: 676 daAuts
  Temple: 82 daAuts
    D:13: 25 daAuts
